 Dungeon Crawl Stone Soup version 0.18.1-50-g88ac8fd (webtiles) character file.

5208 Schultze the Covert (level 10, -11/51 HPs)
             Began as a Vine Stalker Assassin on Oct 1, 2016.
             Was a High Priest of Okawaru.
             Mangled by an orc knight
             ... wielding a +0 glaive
              (19 damage)
             ... in a bailey.
             The game lasted 01:06:09 (7904 turns).

Schultze the Covert (Vine Stalker Assassin)         Turns: 7904, Time: 01:06:09

Health: -11/51     AC: 13    Str: 12 (13) XL:     10   Next: 60%
Magic:  0/11       EV: 17    Int: 11      God:    Okawaru [*****.]
Gold:   221        SH:  6    Dex: 19 (20) Spells: 0 memorised, 9 levels left

rFire  + . .     SeeInvis .     C - +2 short sword (elec)
rCold  . . .     Gourm    .     z - +2 leather armour {rF+}
rNeg   + . .     Faith    .     l - +1 buckler {AC+3}
rPois  .         Spirit   +     (no helmet)
rElec  .         Dismiss  .     d - +0 cloak
rCorr  +         Reflect  .     U - +0 pair of gloves
SustAt .         Harm     .     W - +0 pair of boots
MR     +....                    (no amulet)
Stlth  +++++.....               J - ring of resist corrosion
                                t - ring of positive energy

@: somewhat resistant to hostile enchantments, quite stealthy
A: fangs 3, thin metallic scales 1, regeneration 2, magic shield, antimagic
bite, no device heal 3, rot immunity
a: Heroism, Finesse, Renounce Religion


You were in a bailey.
You worshipped Okawaru.
Okawaru was extremely pleased with you.
You were hungry.

You visited 2 branches of the dungeon, and saw 10 of its levels.
You also visited: Bailey.

You collected 468 gold pieces.
You spent 247 gold pieces at shops.

Inventory:

Hand Weapons
 b - a +0 blowgun
 n - a +3 short sword of venom
 v - a +0 hunting sling
 C - a +2 short sword of electrocution (weapon)
 E - a +0 shortbow of flaming
Missiles
 c - 7 needles of frenzy
 e - 60 poisoned needles
 f - 2 curare-tipped needles
 y - 3 exploding tomahawks (quivered)
 H - 2 tomahawks of dispersal
Armour
 d - a +0 cloak (worn)
 j - a cursed +0 chain mail
 l - a +1 buckler of protection (worn)
 z - a +2 leather armour of fire resistance (worn)
 U - a +0 pair of gloves (worn)
 W - a +0 pair of boots (worn)
Magical Staves
 m - an uncursed staff of fire {unknown}
Jewellery
 t - a ring of positive energy (left hand)
 D - an uncursed ring of teleportation
 J - a ring of resist corrosion (right hand)
Wands
 a - a wand of paralysis (14/24)
 g - a wand of enslavement (15/24)
 r - a wand of digging (12/24)
 M - a wand of lightning (11/15)
 P - a wand of disintegration (11/24)
 Q - a wand of polymorph (9/24)
Scrolls
 i - a scroll of recharging {unknown}
 k - a scroll of amnesia
 q - 2 scrolls of teleportation
 u - 9 scrolls of identify
 w - a scroll of vulnerability {unknown}
 x - 3 scrolls of immolation
 B - 2 scrolls of magic mapping {unknown}
 F - 5 scrolls of enchant weapon
 O - a scroll of noise {unknown}
 T - a scroll of remove curse
 V - a scroll of blinking {unknown}
Potions
 o - 2 potions of flight
 p - 2 potions of lignification
 s - 3 potions of degeneration
 A - a potion of might
 G - a potion of resistance {unknown}
 L - 6 potions of curing
Comestibles
 h - 3 meat rations
 I - 4 chunks of flesh
 N - 2 beef jerkies


   Skills:
 + Level 4.8 Fighting
 + Level 6.1 Short Blades
 + Level 2.8 Throwing
 + Level 3.3 Armour
 + Level 6.9 Dodging
 + Level 11.4 Stealth
 + Level 3.0 Shields


You had 9 spell levels left.
You didn't know any spells.

Dungeon Overview and Level Annotations

Branches:
Dungeon (9/15)             Temple (1/1) D:4
   Lair: D:8-11         Orc: D:9-12

Altars:
Ashenzari
Cheibriados
Dithmenos
Elyvilon
Fedhas
Gozag
Kikubaaqudgha
Makhleb
Nemelex Xobeh
Okawaru
Pakellas
Qazlal
Ru
Sif Muna
Trog
Vehumet
Xom
Yredelemnul
Zin
The Shining One

Shops:
D:6 [[


Innate Abilities, Weirdness & Mutations

You have razor-sharp teeth.
You heal very quickly.
When hurt, damage is shared between your health and your magic reserves.
Your bite disrupts and absorbs the magic of your enemies.
Potions and wands cannot restore your health.
You are immune to rotting.
You are partially covered in thin metallic scales (AC +2).


Message History

The orc warrior misses you.
You hit the orc warrior.
You kill the orc warrior!
Okawaru accepts your kill.
You feel your dexterity returning. The orc knight closely misses you.
You hit the orc knight.
You bite the orc knight, but do no damage.
The orc knight is lightly wounded.
The orc knight hits you with a glaive!!
You hit the orc knight but do no damage.
You bite the orc knight. You drain its power.
You feel invigorated.
The orc knight is lightly wounded.
You hit the orc knight but do no damage.
You bite the orc knight. You drain its power.
You feel invigorated.
The orc knight is lightly wounded.
The orc knight hits you with a glaive!
* * * LOW HITPOINT WARNING * * *
The orc knight hits you from afar with a glaive!!
You die...

##### ####### ##
.....#########.....## ##.
......#.....#.......######..
.....('.....'......)#....#..
......'(!o!@'.....))))...)..
......'.!)..'....)..#....#).
(.....#.....#.......######..
((...#########.....## ##.
##### ####### ##


You could see an orc knight.

Vanquished Creatures
  Pikel (D:5)
  A cyclops (D:8)
  Joseph (D:7)
  Grinder (D:6)
  2 hippogriffs (D:7)
  Duvessa (D:7)
  11 orc warriors
  A black bear (D:9)
  2 ice beasts
  5 ogres
  3 centaurs
  Blork the orc (D:4)
  Dowan (D:7)
  5 scorpions
  3 wights (D:6)
  A crimson imp (D:6)
  3 hounds
  2 orc priests
  A giant frog skeleton (D:8)
  4 orc wizards
  A centaur skeleton (D:5)
  4 iguanas
  10 worker ants
  A killer bee zombie (D:7)
  2 hound skeletons
  Robin (D:4)
  10 adders
  3 gnolls (D:3)
  2 oozes
  An adder skeleton (D:5)
  A worm (D:2)
  2 dart slugs
  6 giant geckos
  49 orcs
  5 giant cockroaches
  14 goblins
  8 hobgoblins
  19 jackals
  16 kobolds
  2 quokkas
  5 bats
  2 giant gecko skeletons
  9 giant newts
  9 rats
232 creatures vanquished.

Notes
Turn   | Place    | Note
--------------------------------------------------------------
     0 | D:1      | Schultze the Vine Stalker Assassin began the quest for the Orb.
     0 | D:1      | Reached XP level 1. HP: 11/11 MP: 2/2
     7 | D:1      | Reached skill level 5 in Stealth
    17 | D:1      | Reached XP level 2. HP: 6/15 MP: 0/3
   316 | D:1      | Reached skill level 1 in Dodging
   577 | D:1      | Reached XP level 3. HP: 18/18 MP: 4/4
   974 | D:1      | Reached skill level 6 in Stealth
  1283 | D:2      | Reached XP level 4. HP: 20/23 MP: 5/5
  1319 | D:2      | Found a radiant altar of Vehumet.
  1434 | D:2      | Found a sacrificial altar of Ru.
  1438 | D:2      | Found a basalt altar of Yredelemnul.
  1949 | D:3      | Found a glowing drain.
  2211 | D:3      | Noticed an ogre
  2214 | D:3      | Killed an ogre
  2214 | D:3      | Reached XP level 5. HP: 26/26 MP: 6/6
  2406 | D:3      | Reached skill level 7 in Stealth
  2406 | D:3      | Gained mutation: You heal very quickly. [Vine Stalker growth]
  2406 | D:3      | Reached XP level 6. HP: 30/30 MP: 7/7
  2538 | D:4      | Noticed Blork the orc
  2563 | D:4      | Killed Blork the orc
  2661 | D:4      | Noticed Robin
  2675 | D:4      | Found a white marble altar of Elyvilon.
  2825 | D:4      | Killed Robin
  3060 | D:4      | Found an oddly glowing altar of Pakellas.
  3385 | D:4      | Found a staircase to the Ecumenical Temple.
  3394 | Temple   | Entered the Ecumenical Temple
  3593 | Temple   | Became a worshipper of Warmaster Okawaru
  3764 | D:5      | Entered Level 5 of the Dungeon
  3843 | D:5      | Reached skill level 8 in Stealth
  3843 | D:5      | Reached XP level 7. HP: 28/35 MP: 5/8
  3887 | D:5      | Found a snail-covered altar of Cheibriados.
  4053 | D:5      | Reached * piety under Okawaru
  4160 | D:5      | Noticed Pikel
  4178 | D:5      | Killed Pikel
  4178 | D:5      | Reached ** piety under Okawaru
  4178 | D:5      | Reached *** piety under Okawaru
  4178 | D:5      | Reached skill level 9 in Stealth
  4178 | D:5      | Gained mutation: You have razor-sharp teeth. [Vine Stalker growth]
  4178 | D:5      | Reached XP level 8. HP: 36/40 MP: 9/9
  4279 | D:5      | Found a stormy altar of Qazlal.
  4285 | D:5      | Found a blossoming altar of Fedhas.
  4286 | D:5      | Found a snail-covered altar of Cheibriados.
  4287 | D:5      | Found a bloodstained altar of Trog.
  4462 | D:5      | Reached skill level 5 in Dodging
  4749 | D:6      | Found Qeoqigoschu's Armour Shop.
  4760 | D:6      | Noticed Grinder
  4764 | D:6      | Killed Grinder
  4804 | D:6      | Found a sparkling altar of Nemelex Xobeh.
  4872 | D:6      | Reached XP level 9. HP: 45/45 MP: 10/10
  5100 | D:6      | Reached skill level 10 in Stealth
  5128 | D:6      | Found a shattered altar of Ashenzari.
  5251 | D:6      | Found Jewes's Armour Boutique.
  5259 | D:6      | Bought a +1 buckler of protection for 247 gold pieces
  5285 | D:6      | Reached skill level 1 in Armour
  5524 | D:7      | Reached skill level 1 in Shields
  5528 | D:7      | Reached skill level 5 in Short Blades
  5618 | D:7      | Noticed Duvessa
  5618 | D:7      | Noticed Dowan
  5625 | D:7      | Killed Dowan
  5639 | D:7      | Killed Duvessa
  5639 | D:7      | Reached **** piety under Okawaru
  5640 | D:7      | Found a stormy altar of Qazlal.
  5893 | D:7      | Noticed Joseph
  5911 | D:7      | Killed Joseph
  6324 | D:8      | Gained mutation: Your muscles are strong. (Str +2) [potion of beneficial mutation]
  6370 | D:8      | Lost mutation: Your muscles are strong. (Str +2) [potion of cure mutation]
  6389 | D:8      | Found an opulent altar of Gozag.
  6498 | D:8      | Found a blossoming altar of Fedhas.
  6500 | D:8      | Noticed a cyclops
  6502 | D:8      | Killed a cyclops
  6502 | D:8      | Reached skill level 11 in Stealth
  6502 | D:8      | Reached XP level 10. HP: 51/51 MP: 11/11
  6733 | D:8      | Found a shadowy altar of Dithmenos.
  6756 | D:8      | Reached ***** piety under Okawaru
  6895 | D:8      | Received a gift from Okawaru
  6952 | D:8      | Found a burning altar of Makhleb.
  7256 | D:8      | Found a glowing golden altar of the Shining One.
  7435 | D:9      | Found a flagged portal.
  7445 | Bailey   | Entered a bailey
  7722 | Bailey   | Gained mutation: You are partially covered in thin metallic scales (AC +2). [potion of beneficial mutation]
  7771 | Bailey   | Received a gift from Okawaru
  7882 | Bailey   | Noticed an orc knight
  7904 | Bailey   | Mangled by an orc knight

Skill      XL: |  1  2  3  4  5  6  7  8  9 10 |
---------------+-------------------------------+-----
Stealth        | 5 6 7 8 9 11 | 11.4
Dodging        | 1 2 3 4 5 6 |  6.9
Short Blades   | 2 3 4 5 6 |  6.1
Fighting       | 2 3 4 |  4.8
Armour         | 2 3 |  3.3
Shields        | 2 3 |  3.0
Throwing       | 2 |  2.8

Action                   |  1- 3 |  4- 6 |  7- 9 | 10-12 || total
-------------------------+-------+-------+-------+-------++-------
Melee: Dagger            |    34 |    47 |       |       ||    81
       Short sword       |    61 |    92 |   225 |   221 ||   599
       Bite              |    13 |    32 |    78 |    54 ||   177
 Fire: Blowgun           |       |       |     9 |       ||     9
Throw: Tomahawk          |       |       |       |    14 ||    14
  Use: Scroll            |       |     7 |     3 |       ||    10
       Potion            |       |       |     8 |     2 ||    10
 Stab: Sleeping          |     7 |    16 |    27 |     3 ||    53
       Distracted        |       |       |       |     1 ||     1
  Eat: Chunk             |     1 |     3 |     3 |     3 ||    10
       Bread ration      |       |     1 |       |       ||     1
       Meat ration       |       |       |     1 |       ||     1
       Beef jerky        |       |       |     1 |       ||     1
       Pizza             |       |       |       |     1 ||     1
Armor: Robe              |    10 |    23 |     2 |       ||    35
       Leather armour    |       |       |    24 |    57 ||    81
Dodge: Dodged            |    40 |   107 |    88 |   200 ||   435
Block: Buckler           |       |     2 |    40 |    92 ||   134
